 Dungeon Crawl Stone Soup version 0.28-a0-691-gad6df49e81 (webtiles) character file.

Game seed: 4241507147075605129

65987 meatgazer the Corrupter of Planes (level 14, -27/121 HPs)
             Began as a Demonspawn Abyssal Knight on Oct 20, 2021.
             Was the Champion of Lugonu.
             Killed from afar by a lindwurm (34 damage)
             ... with a blast of flame
             ... on level 6 of the Lair of Beasts.
             The game lasted 00:34:19 (18184 turns).

meatgazer the Corrupter of Planes (DsAK)           Turns: 18184, Time: 00:34:19

Health: -27/121    AC: 19    Str: 19 (20) XL:     14   Next: 77%
Magic:  27/27      EV: 10    Int: 11      God:    Lugonu [******]
Gold:   889        SH:  5    Dex: 18      Spells: 13/13 levels left

rFire   . . .      SeeInvis +   c - +7 dagger of the Shouting Oracle {flame, Dex+2}
rCold   + + .      Faith    .   r - +0 buckler
rNeg    + + .      Spirit   .   q - +4 scale mail of Kikubaaqudgha's Esteem {rC+ Str+3 SInv Stlth-}
rPois   .          Reflect  .   (no helmet)
rElec   .          Harm     .   e - +1 cloak
rCorr   +          Rampage  .   F - +0 pair of gloves
Will    +....                   (boots unavailable)
Stlth   ..........              g - amulet of regeneration
HPRegen 2.30/turn               I - ring of Roagu {rC+ rN++ Stlth+}
MPRegen 0.20/turn               C - ring "Nayruh" {rCorr AC+4 SInv}

@: flying
A: hooves 3, powered by death 1, spiny 2, augmentation 2, sharp scales 2,
deterioration 1, mutation resistance 1, screaming 1
a: Renounce Religion, Depart the Abyss, Bend Space, Banish, Corrupt, Enter the
Abyss, Brand Weapon With Distortion


You were on level 6 of the Lair of Beasts.
You worshipped Lugonu.
Lugonu was exalted by your worship.
You visited 2 branches of the dungeon, and saw 17 of its levels.
You visited the Abyss 1 time.
You also visited: Volcano.

You collected 1051 gold pieces.
You spent 162 gold pieces at shops.

Inventory:

Hand Weapons
 c - the +7 dagger of the Shouting Oracle (weapon) {flame, Dex+2}
   (You found it on level 2 of the Abyss)

   It burns those it strikes, dealing additional fire damage.
   Dex:       It affects your dexterity (+2).
 u - a +4 dagger
Armour
 e - a +1 cloak (worn)
 q - the +4 scale mail of Kikubaaqudgha's Esteem (worn) {rC+ Str+3 SInv Stlth-}
   (You bought it in a shop on level 1 of the Dungeon)

   Str:       It affects your strength (+3).
   rC:        It protects you from cold.
   SInv:      It lets you see invisible.
   Stlth:     It makes you less stealthy.
 r - a +0 buckler (worn)
 z - +0 acid dragon scales
 F - a +0 pair of gloves (worn)
 J - the +0 leather armour of Trumpets {Fly Will+ Str+3}
   (You found it on level 6 of the Lair of Beasts)

   Str:       It affects your strength (+3).
   Fly:       It grants you flight.
   Will:      It increases your willpower.
Jewellery
 g - an amulet of regeneration (around neck)
 k - a ring of resist corrosion
 n - a ring of protection from cold
 B - a ring of flight
 C - the ring "Nayruh" (right hand) {rCorr AC+4 SInv}
   (You found it on level 5 of the Lair of Beasts)

   [ring of protection]

   AC:        It affects your AC (+4).
   SInv:      It lets you see invisible.
   rCorr:     It protects you from acid and corrosion.
 H - a +6 ring of intelligence
 I - the ring of Roagu (left hand) {rC+ rN++ Stlth+}
   (You found it on level 6 of the Lair of Beasts)

   [ring of protection from cold]

   rC:        It protects you from cold.
   rN:        It greatly protects you from negative energy.
   Stlth:     It makes you more stealthy.
Wands
 a - a wand of paralysis (17)
 h - a wand of digging (3)
 w - a wand of polymorph (8)
 x - a wand of flame (46)
 K - a wand of charming (11)
Scrolls
 b - 2 scrolls of enchant weapon
 d - 9 scrolls of identify
 j - 4 scrolls of teleportation
 t - 2 scrolls of amnesia
 y - 2 scrolls of fog
 D - a scroll of magic mapping
 G - a scroll of fear
Potions
 f - 2 potions of flight
 i - 5 potions of might
 l - 4 potions of curing
 m - 2 potions of lignification
 o - 2 potions of haste
 p - 7 potions of ambrosia
 v - 2 potions of magic
 A - 2 potions of invisibility
Miscellaneous
 E - a box of beasts


   Skills:
 + Level 14.3 Fighting
 + Level 12.9(13.0) Short Blades
 - Level 1.7(8.5) Long Blades
 - Level 1.7 Armour
 - Level 0.8 Dodging
 - Level 4.1 Shields
 + Level 18.1 Invocations
 + Level 10.1 Evocations


You had 13 spell levels left.
You didn't know any spells.
Your spell library contained the following spells:

 Spells                   Type           Power      Damage    Failure   Level
 Animate Skeleton         Necr           0%         N/A       73%         1
 Apportation              Tloc           0%         N/A       73%         1
 Blink                    Tloc           N/A        N/A       86%         2
 Ensorcelled Hibernation  Hex/Ice        0%         N/A       86%         2
 Call Canine Familiar     Summ           0%         N/A       97%         3
 Lesser Beckoning         Tloc           0%         N/A       97%         3
 Portal Projectile        Hex/Tloc       0%         N/A       97%         3
 Spider Form              Tmut/Pois      0%         N/A       97%         3
 Summon Guardian Golem    Hex/Summ       0%         N/A       97%         3
 Leda's Liquefaction      Hex/Erth       0%         N/A       100%        4
 Alistair's Intoxication  Tmut/Pois      0%         N/A       100%        5
 Manifold Assault         Tloc           0%         N/A       100%        5
 Invisibility             Hex            0%         N/A       100%        6
 Orb of Destruction       Conj           0%         N/A       100%        7
 Spellforged Servitor     Conj/Summ      0%         N/A       100%        7


Dungeon Overview and Level Annotations

Branches:
Dungeon (11/15)            Temple (0/1) D:4            Lair (6/6) D:10
  Swamp (0/4) Lair:2       Spider (0/4) Lair:2        Slime (0/5) Lair:5
Volcano (visited)
    Orc: D:9-12

Altars:
Ashenzari
Cheibriados
Dithmenos
Gozag
Kikubaaqudgha
Okawaru
Qazlal
Sif Muna
Uskayaw
Vehumet
Wu Jian
Yredelemnul

Shops:
D:1 [=?

Annotations:
Abyss:1 Sonja


Innate Abilities, Weirdness & Mutations

You have hooves in place of feet.
You regenerate a little health from kills.
You are mostly covered in sharp spines.
Your magical and physical power is enhanced at high health.
You are mostly covered in razor-sharp scales. (AC +2, Slay +2)
Your body sometimes deteriorates upon taking damage.
You are somewhat resistant to further mutation.
You occasionally shout uncontrollably at your foes.


Message History

The lindwurm bites you. The lindwurm completely misses you.
The lindwurm claws you. The lindwurm bites you!
* * * LOW HITPOINT WARNING * * *
The lindwurm claws you but does no damage.
You block the lindwurm's attack.
You puncture the lindwurm! You burn the lindwurm.
You kill the lindwurm!
Lugonu accepts your kill.
You feel much better. The lindwurm bites you. The lindwurm claws you.
You block the lindwurm's attack.
Your scale mail of Kikubaaqudgha's Esteem prevents you from hitting the lindwurm.
Your kick misses the lindwurm. The lindwurm breathes flames at you.
The blast of flame hits you!!!
* * * LOW HITPOINT WARNING * * *
Your body deteriorates!
You feel weakened.
You puncture the lindwurm! You burn the lindwurm.
The lindwurm is moderately wounded.
You hit the lindwurm but do no damage. You kick the lindwurm.
The lindwurm is moderately wounded.
The lindwurm barely misses you.
The lindwurm claws you but does no damage. x2
You hit the lindwurm but do no damage. You kick the lindwurm.
The lindwurm is heavily wounded.
You hit the lindwurm but do no damage.
The lindwurm is heavily wounded.
The lindwurm is struck by your spines. The lindwurm bites you.
* * * LOW HITPOINT WARNING * * *
The lindwurm claws you.
* * * LOW HITPOINT WARNING * * *
The lindwurm claws you.
* * * LOW HITPOINT WARNING * * *
You barely miss the lindwurm. Your kick misses the lindwurm.
The lindwurm is severely wounded.
You puncture the lindwurm! You burn the lindwurm.
You kick the lindwurm, but do no damage.
The lindwurm is almost dead.
The lindwurm breathes flames at you. The blast of flame hits you!!
You die...

P.....≈§§≈§§§§§≈≈§.....#..###....
P.††.§≈≈§§§≈≈≈≈≈≈≈≈...##..##.#...
#...≈§§≈§§§≈§§§≈§§§§§............
#..≈≈≈≈§§§§≈≈§§§≈≈§≈§............
..§§§≈≈≈§≈.§..≈≈≈≈§§≈............
..§§≈§≈≈...##.§§≈≈≈≈≈≈.....#.....
..≈≈§§≈≈.. #..≈≈≈≈≈≈.....####..
..≈≈§§≈.§# .#k†≈≈≈≈≈.....# ##<.
.≈≈≈≈≈≈.## ##@≈≈≈§≈≈....###..#
.≈≈≈≈≈≈k## #†≈≈≈≈≈≈.....##...
..≈≈≈≈≈k.#. #..≈≈≈≈≈........#.#
..≈§≈≈≈§..## #.§≈≈≈≈≈≈...........
.§≈§≈§§≈k..##..§≈≈≈≈≈§...........
...≈≈§§§≈≈..§.§≈§≈≈≈≈..###.......
...≈§§§§≈≈≈§≈§§≈≈§≈≈≈..##........
....§≈§≈≈≈≈§§≈≈≈≈§≈≈.....P.......
.....≈≈≈≈§§≈≈§§≈≈≈≈.......P......


You could see a lindwurm (catching breath).

Vanquished Creatures
  The ghost of lawman0 the Summoner, a journeyman BaSu of Sif Muna (Lair:4)
  6 hydras
  5 two-headed ogres
  6 death yaks (Lair:1)
  3 lindwurms (Lair:6)
  8 elephants
  A manticore (D:7)
  Joseph (D:8)
  2 centaur zombies (D:10)
  13 black mambas
  A torpor snail (Lair:5)
  18 cane toads
  Maggie (D:7)
  2 rime drakes (Lair:2)
  6 komodo dragons
  3 meliai (Lair:5)
  A queen bee (Lair:5)
  4 polar bears
  A hornet (D:9)
  5 dream sheep (Lair:5)
  A tyrant leech (Lair:6)
  32 blink frogs
  A wraith (D:11)
  6 wyverns
  4 basilisks
  89 yaks
  5 vampire mosquitoes (Lair:6)
  20 water moccasins
  2 sky beasts (D:7)
  An ogre (D:5)
  A hornet zombie (D:9)
  2 black bears
  7 wolves
  3 centaurs
  2 necrophages
  3 kobold brigands
  3 phantoms
  3 scorpions
  18 bullfrogs
  A gnoll sergeant (D:8)
  A wyvern zombie (D:5)
  A wyvern skeleton (D:7)
  25 killer bees
  8 wights
  A howler monkey (D:10)
  4 electric eels
  A hound (D:6)
  Crazy Yiuf (D:2)
  A bullfrog skeleton (D:4)
  2 centaur skeletons
  7 iguanas
  Natasha (twice) (D:2)
  4 orc wizards
  13 gnolls
  10 adders
  3 shadow imps
  An ufetubus (D:4)
  2 adder skeletons (D:4)
  2 worms (D:2)
  4 dart slugs
  17 orcs
  6 ball pythons
  4 bats
  3 endoplasms
  2 giant cockroaches
  8 goblins
  17 hobgoblins
  3 jackals (D:3)
  4 quokkas
  6 frilled lizards
  19 kobolds
  6 rats
  5 bushes (D:10)
485 creatures vanquished.

Vanquished Creatures (collateral kills)
  A black mamba (Lair:6)
  A polar bear (Lair:6)
2 creatures vanquished.

Vanquished Creatures (others)
  30 fungi
  110 plants
140 creatures vanquished.

Grand Total: 627 creatures vanquished

Notes
Turn   | Place    | Note
-------+----------+-------------------------------------------
     0 | Abyss:1  | meatgazer the Demonspawn Abyssal Knight began the quest for
                  | the Orb.
     0 | Abyss:1  | Reached XP level 1. HP: 18/18 MP: 2/2
    46 | Abyss:2  | Identified the +7 dagger of the Shouting Oracle {flame,
                  | Dex+2}
    62 | Abyss:2  | Noticed a raiju
    62 | Abyss:2  | Noticed a raiju
    63 | D:1      | Escaped the Abyss
   261 | D:1      | Found Gufaijeu's Magic Scroll Shop.
   359 | D:1      | Gained mutation: You are partially covered in sharp spines.
                  | [demonic ancestry]
   359 | D:1      | Reached XP level 2. HP: 19/24 MP: 4/4
   371 | D:1      | Reached * piety under Lugonu
   372 | D:1      | Reached skill level 3 in Invocations
   479 | D:1      | Reached skill level 1 in Short Blades
   667 | D:1      | Found Ybiu's Antique Armour Emporium.
   678 | D:1      | Found a faded altar of an unknown god.
   683 | D:1      | Gained mutation: You have large cloven feet. [demonic
                  | ancestry]
   683 | D:1      | Reached XP level 3. HP: 25/29 MP: 5/5
  1007 | D:1      | Found Imoss's Jewellery Shop.
  1543 | D:2      | Reached XP level 4. HP: 25/37 MP: 6/6
  1543 | D:2      | Reached ** piety under Lugonu
  1544 | D:2      | Reached skill level 4 in Invocations
  2014 | D:2      | Found a runed translucent door.
  2015 | D:2      | Noticed Crazy Yiuf
  2243 | D:2      | Noticed Natasha
  2249 | D:2      | Killed Natasha
  2493 | D:2      | Noticed Natasha
  2498 | D:2      | Killed Natasha
  2499 | D:2      | Reached XP level 5. HP: 39/42 MP: 8/8
  2603 | D:2      | Killed Crazy Yiuf
  3382 | D:3      | Reached skill level 5 in Invocations
  3768 | D:4      | Gained mutation: You regenerate a little health from kills.
                  | [demonic ancestry]
  3768 | D:4      | Reached XP level 6. HP: 49/49 MP: 9/9
  3811 | D:4      | Found an ancient bone altar of Kikubaaqudgha.
  3813 | D:4      | Found an iron altar of Okawaru.
  3874 | D:4      | Reached *** piety under Lugonu
  4000 | D:4      | Reached skill level 5 in Fighting
  4004 | D:4      | Found a snail-covered altar of Cheibriados.
  4040 | D:4      | Found a staircase to the Ecumenical Temple.
  4276 | D:5      | Entered Level 5 of the Dungeon
  4302 | D:5      | Reached skill level 6 in Invocations
  4302 | D:5      | Gained mutation: You are partially covered in razor-sharp
                  | scales. (AC +1, Slay +1) [demonic ancestry]
  4302 | D:5      | Reached XP level 7. HP: 48/56 MP: 11/11
  4308 | D:5      | Found a shimmering blue altar of Sif Muna.
  4359 | D:5      | Got Sif Muna's Reference Book on Necromancy
  4603 | D:1      | Bought a shimmering scale mail for 162 gold pieces
  4603 | D:1      | Identified the +4 scale mail of Kikubaaqudgha's Esteem {rC+
                  | Str+3 SInv Stlth-} (You bought it in a shop on level 1 of
                  | the Dungeon)
  4978 | D:5      | Reached skill level 7 in Invocations
  5016 | D:5      | Gained mutation: You have hoof-like feet. [demonic
                  | ancestry]
  5016 | D:5      | Reached XP level 8. HP: 64/64 MP: 13/13
  5207 | D:6      | Noticed a two-headed ogre
  5213 | D:6      | Reached skill level 5 in Short Blades
  5214 | D:6      | Banished a two-headed ogre
  5215 | D:6      | Reached skill level 9 in Invocations
  5730 | D:6      | Gained mutation: You are mostly covered in razor-sharp
                  | scales. (AC +2, Slay +2) [demonic ancestry]
  5730 | D:6      | Reached XP level 9. HP: 68/72 MP: 15/15
  5859 | D:6      | Reached skill level 1 in Shields
  5866 | D:6      | Found a radiant altar of Vehumet.
  6057 | D:6      | Found a basalt altar of Yredelemnul.
  6199 | D:7      | Found an opulent altar of Gozag.
  6322 | D:7      | Found a broken altar of Ashenzari.
  6403 | D:7      | Noticed a +0 falchion
  6403 | D:7      | Noticed a +0 short sword
  6403 | D:7      | Noticed a +0 spear
  6403 | D:7      | Noticed a +0 dagger
  6404 | D:7      | Noticed a +0 short sword
  6404 | D:7      | Noticed a +0 falchion
  6404 | D:7      | Noticed a +0 dagger
  6406 | D:7      | Noticed a +0 spear
  6417 | D:7      | Found a hide-covered altar of Uskayaw.
  6502 | D:7      | Found a shadowy altar of Dithmenos.
  6579 | D:7      | Found an ornate altar of the Wu Jian Council.
  6636 | D:7      | Noticed Maggie
  6644 | D:7      | Killed Maggie
  6690 | D:7      | Reached skill level 10 in Invocations
  6932 | D:7      | Noticed a manticore
  6939 | D:7      | Killed a manticore
  7253 | D:8      | Noticed Joseph
  7266 | D:8      | Killed Joseph
  7267 | D:8      | Gained mutation: You have hooves in place of feet. [demonic
                  | ancestry]
  7267 | D:8      | Reached XP level 10. HP: 70/82 MP: 16/18
  7310 | D:8      | Found a stormy altar of Qazlal.
  7338 | D:8      | Reached skill level 11 in Invocations
  7342 | D:8      | Reached **** piety under Lugonu
  7535 | D:8      | Noticed a two-headed ogre
  7536 | D:8      | Banished a two-headed ogre
  8005 | D:9      | Reached skill level 12 in Invocations
  8544 | D:9      | Noticed a boulder beetle
  8550 | D:9      | Banished a boulder beetle
  8551 | D:9      | Reached skill level 10 in Fighting
  8551 | D:9      | Gained mutation: You are mostly covered in sharp spines.
                  | [demonic ancestry]
  8551 | D:9      | Reached XP level 11. HP: 90/90 MP: 15/20
  8795 | D:10     | Entered Level 10 of the Dungeon
  8872 | D:10     | Found a staircase to the Lair.
  8911 | D:10     | Reached skill level 13 in Invocations
  9021 | D:10     | Reached ***** piety under Lugonu
  9197 | D:10     | Reached skill level 1 in Evocations
  9366 | D:10     | Noticed a two-headed ogre
  9372 | D:10     | Killed a two-headed ogre
 10068 | Lair:1   | Entered Level 1 of the Lair of Beasts
 10315 | Lair:1   | Reached skill level 14 in Invocations
 10503 | Lair:1   | Found a dark tunnel.
 10510 | Volcano  | Entered a volcano
 10527 | Volcano  | Noticed an ogre mage
 10530 | Volcano  | Paralysed by an ogre mage for 5 turns
 10535 | Volcano  | Banished an ogre mage
 10537 | Volcano  | Found a radiant altar of Vehumet.
 10538 | Volcano  | Noticed a two-headed ogre
 10543 | Volcano  | Noticed a two-headed ogre
 10543 | Volcano  | Killed a two-headed ogre
 10544 | Volcano  | Reached skill level 10 in Short Blades
 10544 | Volcano  | Reached XP level 12. HP: 100/100 MP: 15/22
 10544 | Volcano  | Noticed a red draconian
 10544 | Volcano  | Noticed a two-headed ogre
 10550 | Volcano  | Killed a two-headed ogre
 10553 | Volcano  | Banished a two-headed ogre
 10615 | Volcano  | Noticed a two-headed ogre
 10616 | Volcano  | Banished a two-headed ogre
 10617 | Volcano  | Noticed a two-headed ogre
 10617 | Volcano  | Noticed a two-headed ogre
 10623 | Volcano  | Killed a two-headed ogre
 10629 | Volcano  | Killed a two-headed ogre
 10646 | Volcano  | Banished a red draconian
 10647 | Volcano  | Reached skill level 5 in Evocations
 10723 | Lair:1   | Gained mutation: Armour fits poorly on your strangely
                  | shaped body. [potion of mutation]
 10723 | Lair:1   | Gained mutation: You are resistant to electric shocks.
                  | (rElec) [potion of mutation]
 10723 | Lair:1   | Gained mutation: You occasionally shout uncontrollably at
                  | your foes. [potion of mutation]
 10723 | Lair:1   | Gained mutation: You have an increased reservoir of magic.
                  | (+10% MP) [potion of mutation]
 11105 | Lair:2   | Noticed a death yak
 11107 | Lair:2   | Noticed a death yak
 11107 | Lair:2   | Noticed a death yak
 11107 | Lair:2   | Noticed a death yak
 11107 | Lair:2   | Noticed a death yak
 11127 | Lair:1   | Killed a death yak
 11376 | Lair:1   | Killed a death yak
 11623 | Lair:2   | Noticed a death yak
 11641 | Lair:1   | Killed a death yak
 11642 | Lair:1   | Reached skill level 15 in Invocations
 11690 | Lair:1   | Killed a death yak
 11959 | Lair:1   | Killed a death yak
 11971 | Lair:1   | Killed a death yak
 12476 | Lair:2   | Found a staircase to the Swamp.
 12476 | Lair:2   | Noticed a four-headed hydra
 12486 | Lair:2   | Killed a four-headed hydra
 12569 | Lair:2   | Found a hole to the Spider Nest.
 12608 | Lair:2   | Gained mutation: Your magical and physical power is
                  | slightly enhanced at high health. [demonic ancestry]
 12608 | Lair:2   | Reached XP level 13. HP: 102/109 MP: 27/27
 12653 | Lair:2   | You fall into a shaft and drop 2 floors!
 13533 | Lair:3   | Reached skill level 16 in Invocations
 13673 | Lair:3   | Found the +8 whip "Snakebite" {venom, curare, rPois}
 15030 | Lair:5   | Found a staircase to the Slime Pits.
 15232 | Lair:5   | Reached ****** piety under Lugonu
 15370 | Lair:5   | Found a broken altar of Ashenzari.
 15435 | Lair:5   | Reached skill level 17 in Invocations
 15435 | Lair:5   | Gained mutation: Your magical and physical power is
                  | enhanced at high health. [demonic ancestry]
 15435 | Lair:5   | Reached XP level 14. HP: 15/118 MP: 29/29
 15436 | Lair:6   | Entered Level 6 of the Lair of Beasts
 15828 | Lair:5   | Identified the ring "Nayruh" {rCorr AC+4 SInv}
 16411 | Lair:6   | Noticed Sonja
 16412 | Lair:6   | Banished Sonja
 16718 | Lair:6   | Identified the ring of Roagu {rC+ rN++ Stlth+}
 16726 | Lair:6   | Identified the +0 leather armour of Trumpets {Fly Will+
                  | Str+3}
 16869 | Lair:6   | Found a runed translucent door.
 16869 | Lair:6   | Noticed lawman0's ghost (journeyman BaSu)
 17293 | Lair:4   | Killed lawman0's ghost
 17526 | Lair:6   | Lost mutation: Armour fits poorly on your strangely shaped
                  | body. [potion of mutation]
 17526 | Lair:6   | Lost mutation: You are resistant to electric shocks.
                  | (rElec) [potion of mutation]
 17526 | Lair:6   | Lost mutation: You have an increased reservoir of magic.
                  | (+10% MP) [potion of mutation]
 17526 | Lair:6   | Gained mutation: Your body sometimes deteriorates upon
                  | taking damage. [potion of mutation]
 17526 | Lair:6   | Gained mutation: You are somewhat resistant to further
                  | mutation. [potion of mutation]
 17563 | Lair:6   | Reached skill level 10 in Evocations
 17594 | Lair:6   | Reached skill level 18 in Invocations
 18182 | Lair:6   | HP: 5/121 [lindwurm (6)]
 18184 | Lair:6   | Killed from afar by a lindwurm

Illustrated notes

Levels and vault maps discovered:
D:1:      matt_arrival_los_fun, layout_loops_ring,
          shapermc_ecumenical_altar_acropolis, serial_shops, shop, shop,
          nicolae_shop_temple_entry_statues_fountains, minmay_tromino_mix6
D:2:      layout_loops_ring, serial_rivers, chequers_serial_rivers_micro_c,
          chequers_serial_rivers_room_b, chequers_serial_rivers_room_a,
          chequers_serial_rivers_large_a, chequers_serial_rivers_micro_a,
          minivault_11, minivault_19, uniq_crazy_yiuf_cottage, uniq_natasha
D:3:      layout_basic, hangedman_feature_mirror, minmay_fractal_squares_5
D:4:      layout_loops_cross, mainiacjoe_overflow_cross_hatched,
          mainiacjoe_overflow_catwalk_spiral, minmay_temple_entry_junction_2
D:5:      layout_cave_pools, led_sif_book, minmay_misc_feat_rows
D:6:      layout_basic, mainiacjoe_overflow_brackets,
          nicolae_vehumet_altar_sigil
D:7:      layout_loops_corners, nicolae_ashenzari_panopticon,
          nicolae_dithmenos_shadow_blocks, old_standard_altar,
          nicolae_uskayaw_en_pointe, nicolae_wu_jian_wuxing_cycle, uniq_maggie
D:8:      layout_loops_ring, nicolae_qazlal_scattered_showers, uniq_joseph
D:9:      layout_loops_corners, small_chamber_with_monster
D:10:     layout_loops_cross, minmay_lair_entry_grove
D:11:     layout_long_grid, bh_hangedman_babel_library
Lair:1:   layout_loops_ring, lightli_volcano_entry_magma_tube,
          dpeg_stationary_puzzle, serial_bayou_shore_a,
          infiniplex_staircase_pool
Lair:2:   wander_river, layout_small_grid, minmay_swamp_entry_reptiles,
          spider_nest_entry_web_field
Lair:3:   minmay_guarded_unrand_snakebite, layout_misc_corridors
Lair:4:   layout_misc_corridors, serial_forest, infiniplex_forest_3_way,
          infiniplex_forest_clump_long, infiniplex_forest_fountain,
          infiniplex_forest_clump_small, infiniplex_forest_lined_room_,
          infiniplex_forest_fountain, infiniplex_forest_end_1, lemuel_fruit_tree
Lair:5:   layout_layer_cave, slime_dummy, basic_altar, special_room
          [special_room_bee]
Lair:6:   minmay_lair_end_frog_pond, layout_small_grid,
          hellmonk_ghost_happy_afterlife, minmay_lindwurm_lava, uniq_sonja

Skill      XL: |  1  2  3  4  5  6  7  8  9 10 11 12 13 14 |
---------------+-------------------------------------------+-----
Invocations    | 3 4 5 6 7 9 10 12 14 15 17 18 | 18.1
Short Blades   | 1 2 3 4 6 7 8 10 11 12 | 12.9
Fighting       | 4 5 6 7 8 10 11 12 13 14 | 14.3
Shields        | 3 4 |  4.1
Evocations     | 3 6 8 10 | 10.1
Long Blades    | |  1.7
Armour         | |  1.7
Dodging        | |  0.8

Action                   |  1- 3 |  4- 6 |  7- 9 | 10-12 | 13-15 || total
-------------------------+-------+-------+-------+-------+-------++-------
Melee: Dagger            |    62 |   104 |   143 |   703 |   667 ||  1679
       Kick              |    10 |    28 |    64 |   388 |   268 ||   758
Invok: Depart the Abyss  |     1 |       |       |       |       ||     1
       Banish            |       |       |     1 |     7 |     4 ||    12
       Bend Space        |       |       |       |       |     1 ||     1
Evoke: Wand              |       |       |     1 |     4 |     2 ||     7
       Box of beasts     |       |       |       |     1 |     1 ||     2
  Use: Scroll            |     3 |    12 |     7 |     6 |     6 ||    34
       Potion            |       |       |     1 |     3 |     8 ||    12
 Stab: Sleeping          |     3 |     1 |       |       |       ||     4
Armor: Leather armour    |     5 |    20 |     2 |       |       ||    27
       Scale mail        |       |       |    41 |   122 |   178 ||   341
Dodge: Dodged            |    17 |    46 |    53 |   105 |   186 ||   407
Block: Buckler           |       |       |       |    78 |   117 ||   195

Table legend: (Time is in decaauts)
 A = Elapsed time spent in this place.
 B = Non-inter-level travel time spent in this place.
 C = Inter-level travel time spent in this place.
 D = Time resting spent in this place.
 E = Time spent auto-exploring this place.
 F = Levels seen in this place.
 G = Mean time per level.
                   A        B        C        D        E       F      G
               +--------+--------+--------+--------+--------+-----+--------+
         Total |  17538 |  16702 |    836 |   3817 |   9883 |  20 |  876.9 |
       Dungeon |   9744 |   9067 |    677 |   1631 |   5964 |  11 |  885.8 |
          Lair |   7528 |   7370 |    158 |   2126 |   3888 |   6 | 1254.7 |
         Abyss |     62 |     62 |      0 |      0 |     30 |   2 |   31.0 |
       Volcano |    203 |    203 |      0 |     60 |      0 |   1 |  203.0 |
               +--------+--------+--------+--------+--------+-----+--------+

Top non-repeatable levels by time:
  Lair:1: 1861 daAuts
  Lair:5: 1608 daAuts
     D:2: 1534 daAuts
     D:1: 1439 daAuts
  Lair:6: 1338 daAuts
    D:10: 1119 daAuts
  Lair:4: 1113 daAuts
     D:7: 1074 daAuts
     D:6: 1027 daAuts
  Lair:2: 962 daAuts
     D:9: 828 daAuts
     D:3: 789 daAuts
     D:4: 704 daAuts
     D:8: 659 daAuts
  Lair:3: 644 daAuts
